 Dungeon Crawl Stone Soup version 0.31-a0-691-g409c26aa35 (webtiles) character file.

Game seed: 9682871401928832924

504 Dordric the Changeling (level 7, -2/43 HPs)
             Began as an Octopode Shapeshifter on Sept 6, 2023.
             Slain by Duvessa
             ... wielding a +0 rapier
              (9 damage)
             ... on level 4 of the Dungeon.
             The game lasted 00:04:36 (3263 turns).

Dordric the Changeling (Octopode Shapeshifter)      Turns: 3263, Time: 00:04:37

Health: -2/43      AC:  5    Str: 12 (13) XL:     7   Next: 17%
Magic:  7/7        EV: 13    Int: 10 (13) God:
Gold:   239        SH:  0    Dex: 10 (13) Spells: 6/6 levels left

rFire   . . .        d - +3 sling
rCold   . . .        (no shield)
rNeg    . . .        (helmet currently unavailable)
rPois   .            (no amulet)
rElec   .            h - +4 ring of protection
rCorr   .            (no ring)
SInv    .            (no ring)
Will    .....        (no ring)
Stlth   ++           (no ring)
HPRegen 0.27/turn    (no ring)
MPRegen 0.10/turn    (no ring)
                     (no ring)

%: no passive effects
@: beast-form
A: beast (slay +4), almost no armour, amphibious, 8 rings, camouflage 1,
gelatinous body 1, (nimble swimmer 1), tentacles
a: Begin Untransformation


You were on level 4 of the Dungeon.
You were a hulking beast.
You visited 1 branch of the dungeon, and saw 4 of its levels.

You collected 239 gold pieces.

Inventory:

Hand Weapons
 d - a +3 sling (weapon)
Missiles
 t - 8 poisoned darts
Jewellery
 h - a +4 ring of protection (left tentacle)
Talismans
 b - a beast talisman (active)
 c - a flux talisman
 o - a granite talisman
Wands
 l - a wand of mindburst (16)
Scrolls
 e - 2 scrolls of identify {unknown}
 g - a scroll of enchant weapon
 i - 2 scrolls of silence {unknown}
 m - a scroll of fear {unknown}
 n - a scroll of revelation {unknown}
 p - a scroll of vulnerability {unknown}
 r - a scroll of amnesia {unknown}
 v - a scroll of fog {unknown}
Potions
 a - a potion of lignification
 f - a potion of heal wounds
 j - a potion of resistance
 k - a potion of might {unknown}
 q - a potion of degeneration
 s - a potion of curing {unknown}
 u - a potion of mutation {unknown}
 w - a potion of brilliance {unknown}


   Skills:
 - Level 1.0 Fighting
 - Level 2.0 Dodging
 - Level 3.0 Unarmed Combat
 + Level 7.4 Shapeshifting


You had 6 spell levels left.
You didn't know any spells.
Your spell library was empty.

Dungeon Overview and Level Annotations

Branches:
Dungeon (4/15)
 Temple: D:4-7

Altars:
Hepliaklqana
Okawaru
Qazlal
Zin

Annotations:
D:4 Dowan, Duvessa


Innate Abilities, Weirdness & Mutations

You are a hulking beast.
Your limbs bulge with bestial killing power. (Slay +4)
You cannot wear most types of armour.
You are amphibious.
You can wear up to eight rings at the same time.
Your skin changes colour to match your surroundings (Stealth+).
Your rubbery body absorbs attacks. (AC +1, EV +1)
((You are camouflaged when in or above water. (Stealth+)))
You have tentacles for arms and can constrict up to eight enemies at once.


Message History

Dowan is lightly wounded.
Duvessa says, "Where magic fails, the sword succeeds!"
Duvessa hits you with a +0 rapier. Dowan hits you with a +0 dagger.
You shoot a sling bullet.
The sling bullet closely misses Duvessa.
Duvessa hits you with a +0 rapier. Dowan barely misses you.
Duvessa closely misses you.
You shoot a sling bullet.
The sling bullet closely misses Duvessa.
Duvessa hits you with a +0 rapier. Dowan barely misses you.
Duvessa hits you with a +0 rapier. Dowan hits you with a +0 dagger.
You are too injured to fight recklessly!
You are too injured to fight recklessly!
You are too injured to fight recklessly!
You are too injured to fight recklessly!
You are too injured to fight recklessly!
You are too injured to fight recklessly!
You are too injured to fight recklessly!
You are too injured to fight recklessly!
You are too injured to fight recklessly!
You are too injured to fight recklessly!
You are too injured to fight recklessly!
You are too injured to fight recklessly!
You are too injured to fight recklessly!
You are too injured to fight recklessly!
You are too injured to fight recklessly!
You are too injured to fight recklessly!
You are too injured to fight recklessly!
You are too injured to fight recklessly!
You are too injured to fight recklessly!
You are too injured to fight recklessly!
You are too injured to fight recklessly!
You are too injured to fight recklessly!
Unknown command.
Dowan hits you with a +0 dagger.
Duvessa says, "My weaknesses are his strengths!"
Duvessa hits you with a +0 rapier!
* * * LOW HITPOINT WARNING * * *
Duvessa attacks as she pursues you! Duvessa hits you with a +0 rapier!
You die...

.....# #...........#.......#
#
.....#######..##....#.......#
#
....##..####..##....'.......#
#
..............#######.......#
#
....##........##....#.......#
#
######..............#.......#
#
....##..####..##....#.......#
# ....##..#
#..##[...#.......# #
........# ....##h...#.......#
#
....##..#.....##ee..#......<#
#
....##..#......#....#.......#
#
........#......#....#.......#
....##..###..# #....#.......#
###'##..## #....#.......#
....##...# .....#.......#
.........# ......#.......#
.........# .......#.......#


You could see Duvessa (fast) and Dowan.

Vanquished Creatures
  Sigmund (D:2)
  A sky beast (D:4)
  An orc priest (D:3)
  An orc wizard (D:2)
  An iguana (D:4)
  Natasha (twice) (D:2)
  3 adders
  A worm (D:2)
  A dart slug (D:3)
  4 orcs
  9 endoplasms
  4 giant cockroaches
  4 hobgoblins
  6 jackals
  3 quokkas
  10 ball pythons
  5 bats
  2 frilled lizards (D:3)
  6 goblins
  2 kobolds
  9 rats
76 creatures vanquished.

Notes
Turn   | Place    | Note
-------+----------+-------------------------------------------
     0 | D:1      | Dordric the Octopode Shapeshifter began the quest for the
                  | Orb.
     0 | D:1      | Reached XP level 1. HP: 13/13 MP: 1/1
   209 | D:1      | Reached XP level 2. HP: 18/18 MP: 2/2
   809 | D:2      | Reached skill level 4 in Shapeshifting
   809 | D:2      | Reached XP level 3. HP: 23/23 MP: 3/3
   889 | D:2      | Noticed a floating eye
   889 | D:2      | Noticed Sigmund
   963 | D:2      | Found a faded altar of an unknown god.
   963 | D:2      | Noticed an eye of devastation
   980 | D:2      | Killed Sigmund
   981 | D:2      | Reached skill level 6 in Shapeshifting
   981 | D:2      | Reached XP level 4. HP: 24/28 MP: 4/4
   981 | D:2      | Reached XP level 5. HP: 28/33 MP: 5/5
  1100 | D:2      | Noticed Natasha
  1108 | D:2      | Killed Natasha
  1109 | D:2      | Reached XP level 6. HP: 24/38 MP: 6/6
  1211 | D:2      | Noticed Natasha
  1218 | D:2      | Killed Natasha
  1235 | D:2      | Noticed a golden eye
  1240 | D:2      | Noticed a golden eye
  1455 | D:3      | Found a stormy altar of Qazlal.
  2635 | D:4      | Noticed a sky beast
  2666 | D:4      | HP: 1/38 [something (6)]
  2680 | D:4      | Killed a sky beast
  2681 | D:4      | Reached skill level 7 in Shapeshifting
  2681 | D:4      | Reached XP level 7. HP: 33/43 MP: 7/7
  2963 | D:4      | Found a glowing silver altar of Zin.
  2963 | D:4      | Found an iron altar of Okawaru.
  3103 | D:4      | Found a faded altar of an unknown god.
  3103 | D:4      | Found a faded altar of an unknown god.
  3103 | D:4      | Found a hazy altar of Hepliaklqana.
  3254 | D:4      | Noticed Dowan
  3256 | D:4      | Noticed Duvessa
  3263 | D:4      | Slain by Duvessa

Illustrated notes

Levels and vault maps discovered:
D:1:      minmay_arrival_split_and_join, layout_loops_ring
D:2:      layout_rooms, hellmonk_ecumenical_altar_watching_god, uniq_natasha,
          uniq_sigmund
D:3:      layout_basic, nicolae_qazlal_general_emergency, serial_bayou,
          serial_bayou_pond_d, serial_bayou_lake_a, serial_bayou_shore_a,
          serial_bayou_pond_e
D:4:      layout_gridville, nicolae_hepliaklqana_ecumenical_no_more,
          mainiacjoe_overflow_large_starburst, minmay_box_of_dots, uniq_duvessa

Skill      XL: |  1  2  3  4  5  6 |
---------------+-------------------+-----
Shapeshifting  | 4 6 7 |  7.4
Fighting       | |  1.0
Dodging        | |  2.0
Unarmed Combat | |  3.0

Action                     |  1- 3 |  4- 6 |  7- 9 || total
---------------------------+-------+-------+-------++-------
  Melee: Unarmed           |    31 |    15 |       ||    46
         Constrict         |     7 |     3 |       ||    10
         Tentacles         |     5 |     3 |       ||     8
   Fire: Sling             |    42 |   106 |    18 ||   166
  Evoke: Wand              |     4 |       |       ||     4
    Use: Potion            |       |     4 |       ||     4
         Scroll            |       |     3 |       ||     3
   Stab: Sleeping          |     1 |     1 |       ||     2
 Armour: Skin              |    26 |    65 |     9 ||   100
  Dodge: Dodged            |    38 |    37 |     3 ||    78

Table legend: (Time is in decaauts)
 A = Elapsed time spent in this place.
 B = Non-inter-level travel time spent in this place.
 C = Inter-level travel time spent in this place.
 D = Time resting spent in this place.
 E = Time spent auto-exploring this place.
 F = Levels seen in this place.
 G = Mean time per level.
                   A        B        C        D        E       F      G
               +--------+--------+--------+--------+--------+-----+--------+
         Total |   3324 |   3247 |     77 |      0 |   2676 |   4 |  831.0 |
       Dungeon |   3324 |   3247 |     77 |      0 |   2676 |   4 |  831.0 |
               +--------+--------+--------+--------+--------+-----+--------+

Top non-repeatable levels by time:
     D:3: 991 daAuts
     D:4: 912 daAuts
     D:1: 738 daAuts
     D:2: 682 daAuts
